 Dungeon Crawl Stone Soup version 0.22.1-2-g9c5b331383 (webtiles) character file.

121 Fascinator the Skirmisher (level 5, -15/49 HPs)
             Began as a Naga Fighter on Dec 21, 2018.
             Demolished by an ogre
             ... wielding a +0 giant club
              (32 damage)
             ... on level 2 of the Dungeon.
             The game lasted 00:07:33 (2571 turns).

Fascinator the Skirmisher (Naga Fighter)            Turns: 2571, Time: 00:07:33

Health: -15/49     AC:  5    Str: 18    XL:     5   Next: 5%
Magic:  5/5        EV:  5    Int:  8    God:
Gold:   102        SH:  9    Dex: 12    Spells: 4/4 levels left

rFire    . . .     SeeInvis +   a - +0 war axe
rCold    . . .     Gourm    .   c - +0 shield
rNeg     . . .     Faith    .   b - +0 scale mail
rPois    +         Spirit   .   (no helmet)
rElec    .         Reflect  .   (no cloak)
rCorr    .         Harm     .   (no gloves)
MR       .....                  (no barding)
Stlth    ..........             (no amulet)
HPRegen  0.16/turn              p - ring of wizardry
MPRegen  0.09/turn              (no ring)

@: very slow
A: large, see invisible, deformed body, poison resistance, slowness 2, slow
metabolism 1, spit poison 1, AC +1
a: Spit Poison


You were on level 2 of the Dungeon.
You were not hungry.

You visited 1 branch of the dungeon, and saw 3 of its levels.

You collected 102 gold pieces.

Inventory:

Hand Weapons
 a - a +0 war axe (weapon)
Missiles
 e - 4 tomahawks (quivered)
Armour
 b - a +0 scale mail (worn)
 c - a +0 shield (worn)
Jewellery
 p - a ring of wizardry (left hand)
Scrolls
 g - a scroll of enchant armour {unknown}
 h - 3 scrolls of identify {unknown}
 l - a scroll of immolation {unknown}
 n - a scroll of blinking {unknown}
 o - 3 scrolls of fog {unknown}
Potions
 d - a potion of curing
 i - 2 potions of agility {unknown}
 j - a potion of resistance {unknown}
 k - a potion of mutation {unknown}
 m - a potion of haste {unknown}
Comestibles
 f - 2 rations


   Skills:
 + Level 3.5 Fighting
 * Level 3.3 Axes
 + Level 3.0 Armour
 + Level 0.9 Dodging
 + Level 2.8 Shields


You had 4 spell levels left.
You didn't know any spells.
Your spell library was empty.

Dungeon Overview and Level Annotations

Branches:
Dungeon (3/15)

Altars:
Dithmenos
Hepliaklqana
Kikubaaqudgha


Innate Abilities, Weirdness & Mutations

You cannot wear boots.
Your serpentine skin is tough. (AC +1)
You have supernaturally acute eyesight. (SInv)
Armour fits poorly on your strangely shaped body.
Your system is resistant to poisons. (rPois)
You cover ground very slowly.
You have a slow metabolism.
You can spit poison.


Message History

You hit the ogre.
The ogre is lightly wounded.
The ogre barely misses you.
You hit the ogre but do no damage.
The ogre is lightly wounded.
The ogre hits you with a giant club!
You barely miss the ogre.
The ogre is lightly wounded.
You block the ogre's attack. The ogre hits you with a giant club!
You completely miss the ogre.
The ogre is lightly wounded.
The ogre hits you with a giant club.
Your shield and scale mail prevent you from hitting the ogre.
The ogre is lightly wounded.
The ogre hits you with a giant club!
* * * LOW HITPOINT WARNING * * *
It was a potion of curing.
You feel better. The ogre hits you with a giant club!!
Ouch! That really hurt!
You die...

#.###.# #.#...#
##.#.###
.#.#.########
+#..........#######
...#.######.#.....#
...#.# #.#.....#
...#.######.#...O.#
................@.#
#############.....#
#...........####'##
#...........####.#
'...........(..#.#
#...........##.#.#
....#......<##...#
#.#.#......)###.(#
#...........# #..#


You could see an ogre.

Vanquished Creatures
  Robin (D:3)
  4 adders (D:2)
  A worm (D:2)
  2 dart slugs
  3 leopard geckos
  7 bats
  4 giant cockroaches
  4 hobgoblins
  3 jackals
  2 quokkas (D:3)
  4 frilled lizards
  14 goblins
  7 kobolds
  A leopard gecko zombie (D:3)
  5 rats
62 creatures vanquished.

Vanquished Creatures (others)
  A withered plant (D:3)
1 creature vanquished.

Grand Total: 63 creatures vanquished

Notes
Turn   | Place    | Note
-------+----------+-------------------------------------------
     0 | D:1      | Fascinator the Naga Fighter began the quest for the Orb.
     0 | D:1      | Reached XP level 1. HP: 21/21 MP: 1/1
   295 | D:1      | Reached XP level 2. HP: 12/28 MP: 2/2
   813 | D:1      | Reached XP level 3. HP: 34/34 MP: 3/3
  1307 | D:2      | Reached XP level 4. HP: 40/42 MP: 4/4
  1606 | D:2      | Found an ancient bone altar of Kikubaaqudgha.
  1876 | D:2      | Found a hazy altar of Hepliaklqana.
  1876 | D:2      | Found a shadowy altar of Dithmenos.
  2274 | D:3      | Noticed Robin
  2288 | D:3      | Killed Robin
  2299 | D:3      | Noticed an ogre
  2309 | D:2      | Reached XP level 5. HP: 22/49 MP: 5/5
  2571 | D:2      | Demolished by an ogre

Skill      XL: |  1  2  3  4 |
---------------+-------------+-----
Armour         | 3 |  3.0
Axes           | 3 |  3.3
Fighting       | |  3.5
Dodging        | |  0.9
Shields        | |  2.8

Action                   |  1- 3 |  4- 6 || total
-------------------------+-------+-------++-------
Melee: War axe           |   122 |   116 ||   238
 Abil: Spit Poison       |     2 |       ||     2
  Use: Potion            |     1 |     1 ||     2
  Eat: Chunk             |       |     4 ||     4
Armor: Scale mail        |    65 |    86 ||   151
Dodge: Dodged            |    38 |    38 ||    76
Block: Shield            |    61 |    74 ||   135
